 Dungeon Sprint DCSS version 0.29-a0-362-g5854e031c7 (webtiles) character file.

Game seed: 3866171859108583727

427 mhtbhm the Basher (level 6, -3/70 HPs)
             Began as a Gargoyle Berserker on Apr 29, 2022.
             Was an Elder of Trog.
             Slain by a two-headed ogre
             ... wielding a +0 giant club
              (4 damage)
             ... in the Dungeon (Sprint IX: "|||||||||||||||||||||||||||||").
             The game lasted 00:00:31 (264 turns).

mhtbhm the Basher (Gargoyle Berserker)               Turns: 264, Time: 00:00:32

Health: -3/70      AC: 19    Str: 22    XL:     6   Next: 97%
Magic:  0/6        EV:  8    Int:  8    God:    Trog [****..]
Gold:   0          SH:  0    Dex: 15    Spells: 5/5 levels left

rFire   . . .      SeeInvis .   a - +2 morningstar (vorpal)
rCold   . . .      Faith    .   (no shield)
rNeg    + . .      Spirit   .   b - +0 plate armour
rPois   ∞          Reflect  .   k - +0 helmet
rElec   +          Harm     .   (no cloak)
rCorr   .          Rampage  .   l - +0 pair of gloves
Will    .....      NoTele   +   (no boots)
Stlth   ..........              (no amulet)
HPRegen 0.21/turn               m - +3 ring of dexterity
MPRegen 0.10/turn               n - +3 ring of dexterity

@: berserking (expiring), very quick
A: sickness immunity, AC +4, negative energy resistance 1, electricity
resistance, torment resistance 1, petrification resistance
a: Renounce Religion, Berserk, Trog's Hand, Brothers in Arms


You were in the Dungeon.
You worshipped Trog.
Trog was greatly pleased with you.
You visited 1 branch

Inventory:

Hand Weapons
 a - a +2 vorpal morningstar (weapon)
Armour
 b - a +0 plate armour (worn)
 k - a +0 helmet (worn)
 l - a +0 pair of gloves (worn)
Jewellery
 m - a +3 ring of dexterity (left hand)
 n - a +3 ring of dexterity (right hand)
Wands
 j - a wand of iceblast (10)
Scrolls
 h - 2 scrolls of blinking
Potions
 c - 5 potions of curing
 d - 3 potions of heal wounds
 e - a potion of haste
 f - 4 potions of magic
 g - a potion of berserk rage
 i - a potion of invisibility


   Skills:
 + Level 9.5 Fighting
 + Level 10.3 Maces & Flails
 + Level 5.0 Armour
 + Level 4.5 Dodging


You had 5 spell levels left.
You didn't know any spells.
Your spell library was empty.

Dungeon Overview and Level Annotations

Branches:
Dungeon (1/1)

Altars:
Cheibriados
Dithmenos
Elyvilon
Fedhas
Gozag
Hepliaklqana
Kikubaaqudgha
Makhleb
Nemelex Xobeh
Okawaru
Qazlal
Ru
Sif Muna
Trog
Uskayaw
Vehumet
Wu Jian
Xom
Yredelemnul
Zin
The Shining One
Beogh
Jiyva
Lugonu


Innate Abilities, Weirdness & Mutations

You are immune to sickness and miasma.
Your stone body is resilient. (AC +4)
You are immune to poison.
You resist negative energy. (rN+)
You are resistant to electric shocks. (rElec)
You are resistant to unholy torment.
You are immune to petrification.


Message History

Your Maces & Flails skill increases to level 9!
Your Dodging skill increases to level 4!
You puncture the yak!
The yak is moderately wounded.
The yak gores you but does no damage.
You puncture the yak!
The yak is almost dead.
You hit the yak.
The yak is almost dead.
The yak gores you.
You barely miss the yak.
The yak is almost dead.
The yak gores you!
You thump the yak!
You feel the power of Trog in you as your rage grows.
You kill the yak!
Trog accepts your kill.
Your Fighting skill increases to level 9!
Your Maces & Flails skill increases to level 10!
Your Armour skill increases to level 5!
Unknown command.
The two-headed ogre hits you with a +0 giant club!
The two-headed ogre closely misses you.
Items here: ) [ ††.
You are too injured to fight recklessly!
You are too injured to fight recklessly!
You are too injured to fight recklessly!
You are too injured to fight recklessly!
You are too injured to fight recklessly!
You are too injured to fight recklessly!
You are too injured to fight recklessly!
You are too injured to fight recklessly!
You are too injured to fight recklessly!
You are too injured to fight recklessly!
You closely miss the two-headed ogre. You barely miss the two-headed ogre.
The two-headed ogre hits you with a +0 giant club!!
* * * LOW HITPOINT WARNING * * *
The two-headed ogre hits you with a +0 dire flail.
You die... ▓▓▓▓▓▓▓▓▓▓▓▓▓▓▓▓▓▓▓▓▓▓▓ +..WyO@)...[..)?.'_____ ▓▓▓▓▓▓▓▓▓▓▓▓▓▓▓▓▓▓▓▓▓▓▓

You could see a two-headed ogre, a hornet and a wraith.

Vanquished Creatures
  A yak (D)
  An ice beast (D)
  A kobold brigand (D)
  A gnoll sergeant (D)
  A hound (D)
  An iguana (D)
  An orc (D)
  An endoplasm (D)
  A giant cockroach (D)
  A hobgoblin (D)
  A kobold (D)
  A quokka (D)
  A rat (D)
13 creatures vanquished.

Notes
Turn   | Place    | Note
-------+----------+-------------------------------------------
     0 | D        | mhtbhm the Gargoyle Berserker began the quest for the Orb.
     0 | D        | Reached XP level 1. HP: 14/14 MP: 1/1
    11 | D        | Reached ** piety under Trog
   140 | D        | Noticed an ice beast
   140 | D        | Noticed an iguana
   140 | D        | Noticed a hound
   144 | D        | Killed a hound
   145 | D        | Reached skill level 5 in Fighting
   145 | D        | Reached skill level 5 in Maces & Flails
   145 | D        | Reached XP level 2. HP: 21/21 MP: 2/2
   145 | D        | Reached XP level 3. HP: 26/26 MP: 3/3
   148 | D        | Reached *** piety under Trog
   149 | D        | Reached XP level 4. HP: 32/32 MP: 4/4
   155 | D        | Killed an ice beast
   156 | D        | Reached skill level 7 in Maces & Flails
   156 | D        | Reached XP level 5. HP: 38/38 MP: 5/5
   174 | D        | Found a snail-covered altar of Cheibriados.
   174 | D        | Found a shadowy altar of Dithmenos.
   174 | D        | Found a white marble altar of Elyvilon.
   174 | D        | Found a blossoming altar of Fedhas.
   174 | D        | Found an opulent altar of Gozag.
   175 | D        | Found a hazy altar of Hepliaklqana.
   176 | D        | Found a viscous altar of Jiyva.
   177 | D        | Found an ancient bone altar of Kikubaaqudgha.
   178 | D        | Found a corrupted altar of Lugonu.
   179 | D        | Found a burning altar of Makhleb.
   180 | D        | Found a sparkling altar of Nemelex Xobeh.
   181 | D        | Found an iron altar of Okawaru.
   182 | D        | Found a stormy altar of Qazlal.
   183 | D        | Found a sacrificial altar of Ru.
   184 | D        | Found a shimmering blue altar of Sif Muna.
   185 | D        | Found a bloodstained altar of Trog.
   186 | D        | Found a hide-covered altar of Uskayaw.
   187 | D        | Found a radiant altar of Vehumet.
   188 | D        | Found an ornate altar of the Wu Jian Council.
   189 | D        | Found a shimmering altar of Xom.
   190 | D        | Found a basalt altar of Yredelemnul.
   191 | D        | Found a glowing silver altar of Zin.
   192 | D        | Found a glowing golden altar of the Shining One.
   250 | D        | Noticed a wraith
   250 | D        | Noticed a hornet
   250 | D        | Noticed a two-headed ogre
   250 | D        | Noticed a yak
   250 | D        | Noticed a kobold brigand
   253 | D        | Killed a kobold brigand
   253 | D        | Reached **** piety under Trog
   254 | D        | Reached skill level 8 in Maces & Flails
   254 | D        | Reached XP level 6. HP: 44/44 MP: 0/6
   257 | D        | Reached skill level 9 in Maces & Flails
   261 | D        | Killed a yak
   262 | D        | Reached skill level 10 in Maces & Flails
   262 | D        | Reached skill level 5 in Armour
   264 | D        | HP: 1/70 [two-headed ogre/+0 giant club (29)]
   264 | D        | Slain by a two-headed ogre

Illustrated notes

Levels and vault maps discovered:
D:        linesprint [early_d, line_temple, items_1, d_10, items_2, lair_1,
          lair_end, items_3, orc_1, orc_end, items_4, d_15, swamp_1, shoals_1,
          snake_1, spider_1, d_20, vaults_1, items_5, swamp_end, shoals_end,
          snake_end, spider_end, vaults_end, d_27, items_6, zot_1, zot_end,
          crypt_end, forest_end, elf_end, slime_end, tomb_end, abyss_end,
          pan_hell_end]

Skill      XL: |  1  2  3  4  5  6 |
---------------+-------------------+-----
Fighting       | 5 7 8 9 |  9.5
Maces & Flails | 5 7 8 10 | 10.3
Armour         | 3 4 5 |  5.0
Dodging        | 2 3 4 |  4.5

Action                   |  1- 3 |  4- 6 || total
-------------------------+-------+-------++-------
Melee: Mace              |    17 |    20 ||    37
       Morningstar       |       |    11 ||    11
Invok: Berserk           |     1 |     1 ||     2
Armor: Animal skin       |     3 |    10 ||    13
       Plate armour      |       |     4 ||     4
Dodge: Dodged            |     9 |    15 ||    24

Table legend: (Time is in decaauts)
 A = Elapsed time spent in this place.
 B = Non-inter-level travel time spent in this place.
 C = Inter-level travel time spent in this place.
 D = Time resting spent in this place.
 E = Time spent auto-exploring this place.
 F = Levels seen in this place.
 G = Mean time per level.
                   A        B        C        D        E       F      G
               +--------+--------+--------+--------+--------+-----+--------+
         Total |    268 |    268 |      0 |    125 |      3 |   1 |  268.0 |
       Dungeon |    268 |    268 |      0 |    125 |      3 |   1 |  268.0 |
               +--------+--------+--------+--------+--------+-----+--------+

Top non-repeatable levels by time:
       D: 268 daAuts
